 Dungeon Crawl Stone Soup version 0.18.1-48-g4cf74bf (webtiles) character file.

1749 MARSONE the Blocker (level 9, -2/55 HPs)
             Began as a Gargoyle Fighter on Sept 5, 2016.
             Incinerated by asdguy00's ghost (3 damage)
             ... with a sticky flame
             ... on level 6 of the Dungeon.
             The game lasted 00:27:46 (4685 turns).

MARSONE the Blocker (Gargoyle Fighter)              Turns: 4685, Time: 00:27:47

Health: -2/55      AC: 20    Str: 31    XL:     9   Next: 6%
Magic:  9/9        EV:  6    Int:  9    God:
Gold:   198        SH: 12    Dex:  9    Spells: 0 memorised, 8 levels left

rFire  . . .     SeeInvis .     a - +0 flail
rCold  . . .     Gourm    .     l - +0 plate armour
rNeg   + . .     Faith    .     c - +0 shield
rPois  ∞         Spirit   .     (no helmet)
rElec  +         Dismiss  .     (no cloak)
rCorr  .         Reflect  .     s - +1 pair of gloves
SustAt +         Harm     +     (no boots)
MR     .....                    n - amulet of harm
Stlth  ..........               y - ring of sustain attributes
                                u - +3 ring of strength

@: mighty, liquid flames, hasted, glowing, drained, very quick, not resistant to
hostile enchantments, extremely unstealthy
A: negative energy resistance 1, electricity resistance, unbreathing,
petrification resistance, rot immunity, AC +5
a: no special abilities


You were on level 6 of the Dungeon.
You were hungry.

You visited 1 branch of the dungeon, and saw 6 of its levels.

You collected 198 gold pieces.

Inventory:

Hand Weapons
 a - a +0 flail (weapon)
Armour
 c - a +0 shield (worn)
 l - a +0 plate armour (worn)
 s - a +1 pair of gloves (worn)
Jewellery
 n - an amulet of harm (around neck)
 u - a +3 ring of strength (left hand)
 y - a ring of sustain attributes (right hand)
Wands
 w - a wand of iceblast (3/15)
Scrolls
 e - 2 scrolls of amnesia {unknown}
 i - 3 scrolls of remove curse
 j - 3 scrolls of immolation {unknown}
 p - 5 scrolls of identify {unknown}
 q - 2 scrolls of fog {unknown}
 r - a scroll of blinking {unknown}
 v - a scroll of magic mapping {unknown}
 C - a scroll of enchant armour {unknown}
 D - a scroll of fear {unknown}
Potions
 b - 2 potions of flight {unknown}
 h - 4 potions of haste
 k - 2 potions of heal wounds {unknown}
 o - 3 potions of agility {unknown}
 t - a potion of degeneration {unknown}
 A - a potion of cancellation {unknown}
 B - a potion of resistance {unknown}
Comestibles
 f - 4 bread rations
 g - 3 meat rations
 m - 2 slices of pizza
 x - a beef jerky
 z - 2 fruits


   Skills:
 + Level 5.7(5.5) Fighting
 + Level 5.7(5.4) Maces & Flails
 + Level 7.1(6.8) Armour
 + Level 8.2(7.9) Shields


You had 8 spell levels left.
You didn't know any spells.

Dungeon Overview and Level Annotations

Branches:
Dungeon (6/15)
 Temple: D:4-7

Altars:
Ashenzari
Nemelex Xobeh
Pakellas

Shops:
D:5 %

Annotations:
D:6 asdguy00's ghost, novice DrFE


Innate Abilities, Weirdness & Mutations

You are resistant to torment.
Your stone body is resilient (AC +5).
You are immune to poison.
You resist negative energy.
You are resistant to electric shocks.
You can survive without breathing.
You are immune to petrification.
You are immune to rotting.


Message History

Asdguy00's ghost is heavily damaged.
Asdguy00's ghost sprays you with burning goo.
The sticky flame hits you!
You are covered in liquid flames!
You sock asdguy00's ghost!
Asdguy00's ghost is severely damaged.
You are covered in liquid flames!
* * * LOW HITPOINT WARNING * * *
Asdguy00's ghost breathes negative energy at you.
The bolt of negative energy misses you. You block asdguy00's ghost's attack.
You closely miss asdguy00's ghost.
Asdguy00's ghost is severely damaged.
You are covered in liquid flames!
* * * LOW HITPOINT WARNING * * *
Asdguy00's ghost sprays you with burning goo.
The sticky flame hits you!
You are covered in liquid flames!
It was a potion of haste.
You feel yourself speed up.
You are covered in liquid flames!
You die...

... ... ..#
#.# #.# #.#
#.# #@# #W#
#.#
######.#####
#..........#
#..........#
#............#
###..........#
#..........#


You could see asdguy00's ghost.

Vanquished Creatures
  Pikel (D:4)
  The ghost of appiemonkey the Covered, a novice DDFi (D:5)
  Menkaure (D:4)
  Edmund (D:4)
  2 phantoms (D:5)
  An ice beast (D:6)
  A scorpion (D:6)
  A howler monkey (D:6)
  A centaur zombie (D:6)
  A giant frog zombie (D:5)
  2 iguanas
  2 orc wizards (D:5)
  Natasha (twice) (D:2)
  6 adders
  A shadow imp (D:5)
  5 oozes
  3 worms
  5 giant geckos
  7 orcs
  2 ball pythons
  5 bats (D:2)
  5 giant cockroaches
  6 goblins
  9 hobgoblins
  7 jackals
  A quokka (D:5)
  3 giant newts
  7 kobolds
  6 rats
95 creatures vanquished.

Notes
Turn   | Place    | Note
--------------------------------------------------------------
     0 | D:1      | MARSONE the Gargoyle Fighter began the quest for the Orb.
     0 | D:1      | Reached XP level 1. HP: 14/14 MP: 1/1
   125 | D:1      | Reached XP level 2. HP: 18/19 MP: 2/2
   451 | D:1      | Found a shattered altar of Ashenzari.
   460 | D:1      | Reached XP level 3. HP: 17/23 MP: 3/3
   857 | D:2      | Reached XP level 4. HP: 21/29 MP: 4/4
   959 | D:2      | Found an oddly glowing altar of Pakellas.
  1316 | D:2      | Noticed Natasha
  1330 | D:2      | Killed Natasha
  1330 | D:2      | Reached skill level 4 in Shields
  1843 | D:2      | Noticed Natasha
  1860 | D:2      | Killed Natasha
  1860 | D:2      | Reached XP level 5. HP: 29/33 MP: 5/5
  2454 | D:4      | Noticed Edmund
  2467 | D:4      | Killed Edmund
  2467 | D:4      | Reached skill level 5 in Armour
  2467 | D:4      | Reached skill level 5 in Shields
  2467 | D:4      | Reached XP level 6. HP: 24/38 MP: 6/6
  2600 | D:4      | Found a sparkling altar of Nemelex Xobeh.
  2778 | D:4      | Noticed a slave
  2780 | D:4      | Noticed Pikel
  2781 | D:4      | Noticed a slave
  2783 | D:4      | Noticed a slave
  2784 | D:4      | Noticed a slave
  2813 | D:4      | Killed Pikel
  2813 | D:4      | Reached skill level 6 in Shields
  2813 | D:4      | Reached XP level 7. HP: 44/44 MP: 7/7
  3018 | D:4      | Noticed Menkaure
  3027 | D:4      | Killed Menkaure
  3027 | D:4      | Reached XP level 8. HP: 18/48 MP: 8/8
  3407 | D:5      | Entered Level 5 of the Dungeon
  3504 | D:5      | Reached skill level 5 in Fighting
  3766 | D:5      | Reached skill level 7 in Shields
  3794 | D:5      | Found Sumiar's Food Shop.
  3814 | D:5      | Noticed appiemonkey's ghost (novice DDFi)
  3838 | D:5      | Killed appiemonkey's ghost
  3838 | D:5      | Reached skill level 5 in Maces & Flails
  4596 | D:6      | Found a sparkling altar of Nemelex Xobeh.
  4633 | D:6      | Noticed asdguy00's ghost (novice DrFE)
  4648 | D:6      | Reached skill level 8 in Shields
  4656 | D:6      | Reached XP level 9. HP: 35/55 MP: 9/9
  4683 | D:6      | HP: 2/55 [burnt (7)]
  4685 | D:6      | Incinerated by asdguy00's ghost

Skill      XL: |  1  2  3  4  5  6  7  8  9 |
---------------+----------------------------+-----
Armour         | 4 5 6 7 |  7.1
Shields        | 4 5 6 8 |  8.2
Fighting       | 4 5 |  5.7
Maces & Flails | 3 4 5 |  5.7

Action                   |  1- 3 |  4- 6 |  7- 9 || total
-------------------------+-------+-------+-------++-------
Melee: Flail             |   121 |   211 |   232 ||   564
  Use: Scroll            |       |     2 |       ||     2
       Potion            |       |       |     2 ||     2
  Eat: Chunk             |       |     7 |     1 ||     8
       Bread ration      |       |       |     1 ||     1
Armor: Scale mail        |    32 |       |       ||    32
       Plate armour      |    36 |   159 |   115 ||   310
Dodge: Dodged            |    27 |    41 |    37 ||   105
Block: Shield            |    43 |   116 |   119 ||   278
